 Dungeon Crawl Stone Soup version 0.30-a0-715-gdb4ae3ece1 (webtiles) character file.

Game seed: 17927168134012075142

53 Azfaa the Ducker (level 3, -12/21 HPs)
             Began as a Deep Elf Gladiator on Jan 23, 2023.
             Mangled by a shadow (16 damage)
             ... created by the darkness of Dithmenos
             ... on level 2 of the Dungeon.
             The game lasted 00:05:16 (1250 turns).

Azfaa the Ducker (Deep Elf Gladiator)               Turns: 1250, Time: 00:05:16

Health: -12/21     AC:  4    Str:  8 (11) XL:     3   Next: 62%
Magic:  5/5        EV: 13    Int: 10 (12) God:
Gold:   94         SH:  0    Dex: 17 (18) Spells: 2/2 levels left

rFire   . . .      SeeInvis .    a - +0 rapier
rCold   . . .      Faith    .    (no shield)
rNeg    . . .      Spirit   .    b - +0 leather armour
rPois   .          Reflect  .    c - +0 helmet
rElec   .          Harm     .    (no cloak)
rCorr   .          Rampage  .    (no gloves)
Will    .....                    (no boots)
Stlth   +                        (no amulet)
HPRegen 0.23/turn                (no ring)
MPRegen 0.09/turn                (no ring)

@: no status effects
A: no striking features
a: no special abilities


You were on level 2 of the Dungeon.
You visited 1 branch of the dungeon, and saw 2 of its levels.

You collected 94 gold pieces.

Inventory:

Hand Weapons
 a - a +0 rapier (weapon)
 f - a +2 trident of venom
 h - a +0 falchion
 n - a +0 morningstar
Missiles
 d - 3 throwing nets (quivered)
 e - a javelin
 g - 5 atropa-tipped darts
 o - 4 stones
Armour
 b - a +0 leather armour (worn)
 c - a +0 helmet (worn)
 i - a +0 plate armour
 j - a +0 leather armour
 l - a +0 leather armour
Wands
 k - a wand of polymorph (7)


   Skills:
 + Level 1.9 Fighting
 * Level 3.7 Short Blades
 + Level 2.3 Throwing
 + Level 0.5 Armour
 * Level 4.1 Dodging


You had 2 spell levels left.
You didn't know any spells.
Your spell library was empty.

Dungeon Overview and Level Annotations

Branches:
Dungeon (2/15)

Altars:
Dithmenos

Shops:
D:2 *


Message History

A goblin comes into view. It is wielding a +0 club.
You see here a wand of polymorph (7).
The goblin shouts!
You see here a wand of polymorph (7).
k - a wand of polymorph (7)
The goblin closely misses you.
You barely miss the goblin. The goblin closely misses you.
You hit the goblin.
You kill the goblin!
Found 4 stones.
m - a bubbling orange potion
There are no items here.
Things that are here:
4 stones; a +0 morningstar
n - a +0 morningstar;
o - 4 stones You aren't carrying any scrolls.
Unknown command.
Unknown command.
It was a potion of magic.
Magic courses through your body.
A rat comes into view.
You barely miss the rat. The rat bites you but does no damage.
You closely miss the rat. You punch the rat.
You kill the rat!
Found a stone staircase leading down.
Dithmenos calls forth shadows to punish you. 3 shadows come into view.
You hit the shadow but do no damage. The shadow hits you.
The shadow attacks as you move away! The shadow hits you!
The shadow slips into darkness.
The shadow flickers and vanishes!
Deactivating autopickup; reactivate with Ctrl-A.
The shadow attacks as you move away! The shadow hits you!
* * * LOW HITPOINT WARNING * * *
The shadow slips into darkness.
The shadow flickers and vanishes!
The shadow slips into darkness.
The shadow flickers and vanishes!
The shadow strikes at you from the darkness!
Ouch! That really hurt!
You die...

#########.........
#>................
#.................
#.....{......#....
#..#######.#.#....
#..# #...#..##
#..# ##..#.. #..#
..#.. #@.# #.#.
#..######## .#
#.......... ..
#.......... ..#
#.......... .#
#..########
###..########
#............
#####............


There were no monsters in sight!

Vanquished Creatures
  An adder (D:2)
  A dart slug (D:1)
  4 bats
  3 endoplasms
  2 giant cockroaches (D:2)
  2 goblins (D:2)
  A hobgoblin (D:1)
  4 jackals (D:2)
  7 kobolds
  3 quokkas (D:1)
  3 ball pythons
  4 rats
  A spectral goblin (D:1)
36 creatures vanquished.

Notes
Turn   | Place    | Note
-------+----------+-------------------------------------------
     0 | D:1      | Azfaa the Deep Elf Gladiator began the quest for the Orb.
     0 | D:1      | Reached XP level 1. HP: 12/12 MP: 3/3
   171 | D:1      | Reached XP level 2. HP: 16/16 MP: 4/4
   384 | D:1      | Found a faded altar of an unknown god.
   399 | D:1      | Prayed at the altar of an unknown god.
   399 | D:1      | Became a worshipper of Dithmenos the Shadowed
   399 | D:1      | Reached * piety under Dithmenos
   400 | D:1      | Fell from the grace of Dithmenos
   567 | D:2      | Reached skill level 4 in Dodging
   567 | D:2      | Reached XP level 3. HP: 11/21 MP: 5/5
   651 | D:2      | Found Owuaggun's General Store.
  1237 | D:2      | Noticed a shadow
  1237 | D:2      | Noticed a shadow
  1237 | D:2      | Noticed a shadow
  1250 | D:2      | Mangled by a shadow

Illustrated notes

Levels and vault maps discovered:
D:1:      noname_arrival_rooms_in_the_neighbourhood, layout_loops_cross,
          dreamdust_ecumenical_altar_drowned_temple, nrook_loot_triangle,
          serial_bayou_crossing
D:2:      layout_basic, serial_shops, shop

Skill      XL: |  1  2 |
---------------+-------+-----
Dodging        | 4 |  4.1
Fighting       | |  1.9
Short Blades   | |  3.7
Throwing       | |  2.3
Armour         | |  0.5

Action                     || total
---------------------------++-------
  Melee: Rapier            ||   108
         Punch             ||     2
 Invoke: Renounce Religion ||     1
    Use: Scroll            ||     3
         Potion            ||     2
   Stab: Sleeping          ||     1
 Armour: Leather armour    ||    53
  Dodge: Dodged            ||   133

Table legend: (Time is in decaauts)
 A = Elapsed time spent in this place.
 B = Non-inter-level travel time spent in this place.
 C = Inter-level travel time spent in this place.
 D = Time resting spent in this place.
 E = Time spent auto-exploring this place.
 F = Levels seen in this place.
 G = Mean time per level.
                   A        B        C        D        E       F      G
               +--------+--------+--------+--------+--------+-----+--------+
         Total |   1257 |   1257 |      0 |    231 |     88 |   2 |  628.5 |
       Dungeon |   1257 |   1257 |      0 |    231 |     88 |   2 |  628.5 |
               +--------+--------+--------+--------+--------+-----+--------+

Top non-repeatable levels by time:
     D:2: 713 daAuts
     D:1: 544 daAuts
